 Dungeon Crawl Stone Soup version 0.26.1-11-gd32895ea62 (webtiles) character file.

Game seed: 17120960960068517574

128576 dtburroughs the Severer (level 16, -10/147 HPs)
             Began as a Minotaur Berserker on June 29, 2021.
             Was a High Priest of Trog.
             Killed from afar by Nikola (32 damage)
             ... with a chain lightning
             ... on level 3 of the Snake Pit.
             The game lasted 01:26:00 (37930 turns).

dtburroughs the Severer (Minotaur Berserker)       Turns: 37930, Time: 01:26:01

Health: -10/147    AC: 25    Str: 25    XL:     16   Next: 48%
Magic:  15/15      EV: 19    Int:  8    God:    Trog [*****.]
Gold:   2629       SH: 19    Dex: 14    Spells: 15/15 levels left

rFire    + . .     SeeInvis +   v - +8 broad axe of the Twelve Seers {vorpal, *Corrode rF+ Will+ Str+4}
rCold    . . .     Faith    .   n - +0 kite shield
rNeg     . . .     Spirit   .   V - +1 scale mail {rPois}
rPois    +         Reflect  +   L - +2 hat {SInv}
rElec    .         Harm     .   E - +0 cloak
rCorr    .         Rampage  .   X - +1 pair of gloves
Will     +++..                  J - +2 pair of boots
Stlth    ..........             R - amulet of reflection
HPRegen  0.34/turn              T - ring of willpower
MPRegen  0.14/turn              G - +4 ring of protection

@: mighty, lethally poisoned (-10 -> -11)
A: retaliatory headbutt, horns 2
a: Renounce Religion, Berserk, Trog's Hand, Brothers in Arms


You were on level 3 of the Snake Pit.
You worshipped Trog.
Trog was extremely pleased with you.
You visited 3 branches of the dungeon, and saw 24 of its levels.
You also visited: Ossuary.

You collected 2772 gold pieces.
You spent 143 gold pieces at shops.

Inventory:

Hand Weapons
 i - a +0 antimagic broad axe
 p - a +1 flail of protection
 v - the +8 broad axe of the Twelve Seers (weapon) {vorpal, *Corrode rF+ Will+ Str+4}
   (Trog gifted it to you on level 14 of the Dungeon)

   It inflicts extra damage upon your enemies.
   It affects your strength (+4).
   It protects you from fire.
   It affects your willpower, your defense against some magical effects.
   It may corrode you when you take damage.
 I - a +3 broad axe of flaming
Armour
 n - a +0 kite shield (worn)
 B - a +0 plate armour
 E - a +0 cloak (worn)
 J - a +2 pair of boots (worn)
 L - a +2 hat of see invisible (worn)
 V - a +1 scale mail of poison resistance (worn)
 X - a +1 pair of gloves (worn)
Jewellery
 j - an uncursed ring of protection from cold
 G - a +4 ring of protection (right hand)
 R - an amulet of reflection (around neck)
 T - a ring of willpower (left hand)
Wands
 g - a wand of acid (3)
 x - a wand of digging (5)
 D - a wand of iceblast (16)
 P - a wand of polymorph (10)
 U - a wand of enslavement (10)
 W - a wand of paralysis (22)
 Z - a wand of disintegration (9)
Scrolls
 a - 4 scrolls of enchant armour
 b - 5 scrolls of magic mapping
 f - 6 scrolls of enchant weapon
 k - a scroll of silence
 q - 8 scrolls of remove curse
 r - a scroll of summoning {unknown}
 s - a scroll of identify
 t - 5 scrolls of teleportation
 u - 7 scrolls of immolation
 y - 5 scrolls of fear
 C - 3 scrolls of fog
 F - 2 scrolls of blinking
 K - a scroll of holy word {unknown}
 Q - a scroll of torment
Potions
 c - 8 potions of lignification
 d - 3 potions of might
 e - 2 potions of heal wounds
 h - 12 potions of curing
 m - 7 potions of mutation
 o - 5 potions of flight
 w - a potion of resistance {unknown}
 z - 5 potions of haste
 A - a potion of magic {unknown}
 H - a potion of berserk rage {unknown}
 M - 2 potions of invisibility
 O - a potion of cancellation {unknown}
 Y - a potion of ambrosia {unknown}
Miscellaneous
 l - a lightning rod (4/4)
 N - a phial of floods
 S - a condenser vane


   Skills:
 + Level 14.9 Fighting
 + Level 15.0 Axes
 + Level 14.8 Armour
 + Level 13.7 Dodging
 + Level 14.5 Shields
 + Level 10.6 Evocations


You had 15 spell levels left.
You didn't know any spells.
Your spell library was empty.

Dungeon Overview and Level Annotations

Branches:
Dungeon (15/15)            Temple (0/1) D:6            Lair (6/6) D:8
 Shoals (0/4) Lair:3        Snake (3/4) Lair:3        Slime (0/5) Lair:6
    Orc (0/2) D:9          Vaults (0/5) D:14         Depths (0/5) D:15
Ossuary (visited)

Altars:
Fedhas
Hepliaklqana
Kikubaaqudgha
Makhleb
Ru
Wu Jian
Xom
Zin
The Shining One
Beogh
Jiyva

Shops:
D:6 [}[   D:15 *

Annotations:
D:15 3 runed translucent doors, hawla's ghost, journeyman DrCj
Lair:2 exclusion: 2 oklob plants
Snake:2 1 runed translucent door, Hubris850's ghost, journeyman MiHu
Snake:3 Nikola


Innate Abilities, Weirdness & Mutations

You reflexively headbutt those who attack you in melee.
You have a pair of horns on your head.


Message History

The bolt of lightning misses you.
You slice the naga sharpshooter!!
You kill the naga sharpshooter!
Trog accepts your kill.
Trog appreciates your killing of a magic user.
You feel sick.
Nikola drinks a potion.
Nikola flickers and vanishes for a moment.
You feel very mighty all of a sudden.
Nikola mumbles some strange words.
You hear a mighty clap of thunder!
The lightning arc hits you!!!
The lightning arc hits Nikola.
The lightning arc hits you!!
The lightning arc hits Nikola.
The lightning arc hits you!!
* * * LOW HITPOINT WARNING * * *
The lightning arc hits Nikola.
You hear an angry hiss. x2; You hear a shout!
Nikola casts a spell.
You hear a mighty clap of thunder!
The lightning arc hits you!!
You die...

.(....#... #........#
#........# #........#
#........# ...
#.###.........
#..###.............
#. ...##.. #().....#
#. #..#.. #@######.
##.. #.... ##(#
....##...#####@.#
.....#..##....##
#...........#
##...@.#.....# #
###...#..###......
.##.....#..##....##.#
.....#..#.......## #


You could see Nikola (invisible).

Vanquished Creatures
  Gastronok (D:9)
  Agnes (Snake:1)
  3 fire dragons
  3 boulder beetles
  2 naga warriors
  An ice dragon (Lair:1)
  13 hydras
  3 catoblepae
  8 vault guards
  3 centaur warriors
  8 anacondas
  4 death yaks (Lair:6)
  3 two-headed ogres
  A tengu warrior (D:14)
  2 naga sharpshooters
  A shock serpent (Snake:1)
  A fire crab (Lair:6)
  5 skeletal warriors
  A salamander mystic (Snake:2)
  5 naga ritualists
  2 unseen horrors
  A wizard (D:15)
  An orc knight (D:15)
  3 deep elf magi
  A necromancer (Lair:5)
  5 mana vipers
  A wolf spider zombie (D:15)
  19 ugly things
  4 salamanders
  5 manticores
  2 cyclopes
  24 black mambas
  7 elephants
  5 naga magi
  2 molten gargoyles (Lair:6)
  7 gargoyles
  A torpor snail (Lair:6)
  2 kobold demonologists
  12 cane toads
  An efreet (D:15)
  6 rime drakes
  12 komodo dragons
  3 demonic crawlers (D:13)
  2 ice devils (D:14)
  3 meliai
  2 tengu conjurers
  9 trolls
  4 hornets
  A wind drake (Lair:3)
  8 polar bears
  Grinder (D:6)
  Prince Ribbit (D:9)
  3 slime creatures (D:12)
  18 blink frogs
  7 dream sheep (Lair:6)
  5 centaur simulacra
  3 shadows
  43 yaks
  3 wraiths
  14 wyverns
  A water elemental (D:14)
  6 basilisks
  2 steam dragons (Lair:6)
  2 vampire mosquitoes (D:13)
  12 nagas
  Menkaure (D:6)
  4 soldier ants
  5 hell hounds (Lair:6)
  14 water moccasins
  Duvessa (D:6)
  A black bear (Lair:1)
  8 ice beasts
  7 sky beasts
  9 orc warriors
  3 phantoms
  12 wolves
  5 ogres
  17 centaurs
  3 big kobolds
  27 bullfrogs
  2 wyvern zombies
  4 scorpions
  A water moccasin skeleton (D:9)
  5 jellies
  Dowan (D:6)
  5 killer bees (D:11)
  15 wights
  5 electric eels
  2 howler monkeys (D:14)
  5 lava snakes (Lair:6)
  A bullfrog zombie (D:5)
  8 hounds
  A human zombie (Ossuary)
  6 centaur skeletons
  4 centaur zombies
  3 bullfrog skeletons
  13 orc priests
  A gnoll shaman (D:3)
  9 orc wizards
  Jessica (D:2)
  4 iguanas
  Terence (D:2)
  12 worker ants
  2 polar bear simulacra (Lair:5)
  3 yak simulacra (Lair:5)
  2 wolf simulacra (Lair:5)
  A big kobold zombie (Ossuary)
  4 mummies (Ossuary)
  3 worker ant zombies
  19 gnolls
  2 howler monkey skeletons
  14 adders
  6 white imps
  4 ufetubi
  An ooze (D:1)
  2 adder skeletons (D:9)
  A worm (D:5)
  A dart slug (D:1)
  7 leopard geckos
  50 orcs
  5 bats
  8 giant cockroaches
  7 goblins
  2 hobgoblins
  11 jackals
  A quokka (D:3)
  6 frilled lizards
  A goblin zombie (D:4)
  A hobgoblin zombie (Ossuary)
  12 kobolds
  A kobold zombie (Ossuary)
  2 orc zombies (Ossuary)
  A quokka zombie (D:4)
  7 rats
  4 river rat simulacra (Lair:5)
  A bush (D:15)
763 creatures vanquished.

Vanquished Creatures (collateral kills)
  2 boulder beetles (D:13)
  A wyvern (Lair:6)
  A basilisk (Lair:6)
4 creatures vanquished.

Vanquished Creatures (others)
  A naga ritualist (Snake:1)
  An ugly thing (D:11)
  5 dream sheep (Lair:3)
  A bullfrog (Lair:5)
  An adder (D:11)
  3 bushes
  25 fungi
  85 plants
122 creatures vanquished.

Grand Total: 889 creatures vanquished

Notes
Turn   | Place    | Note
-------+----------+-------------------------------------------
     0 | D:1      | dtburroughs the Minotaur Berserker began the quest for the
                  | Orb.
     0 | D:1      | Reached XP level 1. HP: 19/19 MP: 0/0
   142 | D:1      | Reached XP level 2. HP: 27/27 MP: 1/1
   519 | D:2      | Reached skill level 4 in Axes
   612 | D:2      | Reached XP level 3. HP: 31/33 MP: 2/2
   689 | D:2      | Noticed Jessica
   701 | D:2      | Killed Jessica
   972 | D:2      | Reached XP level 4. HP: 41/41 MP: 3/3
  1185 | D:2      | Noticed Terence
  1193 | D:2      | Killed Terence
  1373 | D:2      | Reached XP level 5. HP: 26/47 MP: 4/4
  1602 | D:2      | Reached ** piety under Trog
  2096 | D:3      | Reached skill level 1 in Shields
  2114 | D:3      | Reached skill level 5 in Axes
  2117 | D:3      | Reached skill level 5 in Fighting
  2124 | D:3      | Reached XP level 6. HP: 36/56 MP: 5/5
  2470 | D:3      | Found a burning altar of Makhleb.
  3000 | D:4      | Reached XP level 7. HP: 30/61 MP: 6/6
  3179 | D:4      | Found a sand-covered staircase.
  3187 | Ossuary  | Entered an ossuary
  3283 | Ossuary  | Reached skill level 5 in Armour
  3502 | Ossuary  | Reached skill level 6 in Axes
  3704 | D:4      | Reached *** piety under Trog
  3982 | D:5      | Entered Level 5 of the Dungeon
  4018 | D:5      | Reached skill level 5 in Dodging
  4173 | D:5      | Reached XP level 8. HP: 71/71 MP: 7/7
  4421 | D:5      | Found a blossoming altar of Fedhas.
  5255 | D:6      | Reached skill level 7 in Axes
  5255 | D:6      | Reached skill level 5 in Shields
  6155 | D:6      | Reached XP level 9. HP: 79/79 MP: 8/8
  7024 | D:6      | Noticed Menkaure
  7035 | D:6      | Killed Menkaure
  7128 | D:6      | Found Ataf's Gadget Boutique.
  7130 | D:6      | Found Hatat's Armour Emporium.
  7164 | D:6      | Noticed Grinder
  7185 | D:6      | Killed Grinder
  7384 | D:6      | Noticed Dowan
  7406 | D:6      | Killed Dowan
  7409 | D:6      | Noticed Duvessa
  7414 | D:6      | Killed Duvessa
  7514 | D:6      | Found Nefov's Antique Armour Shop.
  7569 | D:6      | Reached skill level 8 in Axes
  8451 | D:6      | Reached skill level 1 in Evocations
  8582 | D:6      | Found a staircase to the Ecumenical Temple.
  8725 | D:7      | Found a glowing silver altar of Zin.
  8917 | D:7      | Found a glowing golden altar of the Shining One.
  9559 | D:8      | Reached **** piety under Trog
  9749 | D:8      | Reached XP level 10. HP: 85/90 MP: 9/9
  9877 | D:8      | Found an ornate altar of the Wu Jian Council.
 10042 | D:8      | Noticed an elephant
 10064 | D:8      | Killed an elephant
 10507 | D:8      | Found a staircase to the Lair.
 10729 | D:8      | Found a hazy altar of Hepliaklqana.
 10759 | D:8      | Reached skill level 9 in Axes
 10776 | D:8      | Found a sacrificial altar of Ru.
 10776 | D:8      | Found an ancient bone altar of Kikubaaqudgha.
 11310 | D:9      | Noticed Prince Ribbit
 11691 | D:9      | Reached ***** piety under Trog
 11799 | D:9      | Killed Prince Ribbit
 11814 | D:9      | Noticed Gastronok
 11848 | D:9      | Killed Gastronok
 11849 | D:9      | Reached XP level 11. HP: 27/97 MP: 10/10
 12217 | D:9      | Found a staircase to the Orcish Mines.
 12296 | D:10     | Entered Level 10 of the Dungeon
 12862 | D:10     | Noticed an unseen horror
 12905 | D:10     | Killed an unseen horror
 13394 | Lair:1   | Entered Level 1 of the Lair of Beasts
 13413 | Lair:1   | Reached skill level 10 in Axes
 13567 | Lair:1   | Noticed an ice dragon
 13612 | Lair:1   | Killed an ice dragon
 13613 | Lair:1   | Reached skill level 10 in Fighting
 14578 | Lair:1   | Reached skill level 10 in Armour
 14625 | Lair:1   | Reached skill level 5 in Evocations
 15686 | D:6      | Bought a +1 scale mail of poison resistance for 143 gold
                  | pieces
 16002 | Lair:2   | Reached XP level 12. HP: 78/108 MP: 11/11
 16514 | Lair:2   | Noticed a five-headed hydra
 16525 | Lair:2   | Killed a five-headed hydra
 16837 | Lair:2   | Reached skill level 11 in Axes
 16847 | Lair:2   | Reached skill level 10 in Shields
 16995 | Lair:2   | Noticed a catoblepas
 17011 | Lair:2   | Killed a catoblepas
 17376 | Lair:3   | Found a staircase to the Shoals.
 17497 | Lair:3   | Noticed a four-headed hydra
 17504 | Lair:3   | Killed a four-headed hydra
 17505 | Lair:3   | Reached skill level 10 in Dodging
 17689 | Lair:3   | Found a staircase to the Snake Pit.
 18419 | Lair:3   | Noticed a six-headed hydra
 18427 | Lair:3   | Killed a six-headed hydra
 18850 | Lair:3   | Found a shimmering altar of Xom.
 19249 | Lair:4   | Noticed a catoblepas
 19265 | Lair:4   | Killed a catoblepas
 19865 | Lair:4   | Noticed a seven-headed hydra
 19884 | Lair:4   | Killed a seven-headed hydra
 20282 | Lair:4   | Reached XP level 13. HP: 116/116 MP: 12/12
 21298 | Lair:5   | Got a buzzing chain mail
 21728 | Lair:5   | Identified the +9 chain mail "Zypaonoa" {Int+8} (You found
                  | it on level 5 of the Lair of Beasts)
 22067 | Lair:6   | Entered Level 6 of the Lair of Beasts
 22097 | Lair:5   | Reached skill level 12 in Axes
 23737 | Lair:6   | Found a staircase to the Slime Pits.
 23738 | Lair:6   | Found a viscous altar of Jiyva.
 24064 | Lair:6   | Received a gift from Trog
 24604 | Lair:6   | Reached XP level 14. HP: 65/127 MP: 13/13
 24931 | Lair:6   | Found a large runed translucent door.
 24932 | Lair:6   | Found a large runed translucent door.
 26675 | D:11     | Reached skill level 13 in Axes
 26724 | D:11     | Paralysed by a hornet for 2 turns
 27995 | D:12     | Received a gift from Trog
 30916 | D:14     | Reached XP level 15. HP: 132/136 MP: 14/14
 30974 | D:14     | Found a gate to the Vaults.
 31158 | D:14     | Received a gift from Trog
 31168 | D:14     | Got an ebony broad axe {god gift}
 31169 | D:14     | Identified the +8 broad axe of the Twelve Seers {vorpal,
                  | *Corrode rF+ Will+ Str+4} (Trog gifted it to you on level
                  | 14 of the Dungeon)
 31423 | D:14     | Reached ****** piety under Trog
 31931 | D:14     | Reached skill level 14 in Axes
 32202 | D:15     | Entered Level 15 of the Dungeon
 32352 | D:15     | Received a gift from Trog
 33125 | D:14     | Identified a scroll of acquirement
 33318 | D:15     | Found a runed translucent gate.
 33319 | D:15     | Found a runed translucent gate.
 33320 | D:15     | Noticed hawla's ghost (journeyman DrCj)
 33320 | D:15     | Identified the cursed +0 chain mail of Dithmenos's Grace
                  | {Rampage rF+ Str+4 Slay+3}
 33321 | D:15     | Identified the +7 plate armour of the Worm {rCorr Str+4
                  | Int-5 Dex+3}
 33322 | D:15     | Found a runed translucent gate.
 33329 | D:15     | Found a roughly hewn altar of Beogh.
 33529 | D:15     | Reached skill level 10 in Evocations
 33656 | D:15     | Found Pedaqe's Assorted Antiques.
 33999 | D:15     | Found a staircase to the Depths.
 34569 | Lair:1   | Acquired 578 gold pieces
 34665 | Snake:1  | Entered Level 1 of the Snake Pit
 34857 | Snake:1  | Noticed Agnes
 34867 | Snake:1  | Killed Agnes
 35082 | Snake:1  | Reached XP level 16. HP: 147/147 MP: 15/15
 36091 | Snake:2  | Received a gift from Trog
 36301 | Snake:2  | Found a runed translucent door.
 36302 | Snake:2  | Found a shimmering altar of Xom.
 36302 | Snake:2  | Noticed Hubris850's ghost (journeyman MiHu)
 36302 | Snake:2  | Identified the cursed +1 war axe of Conscience {chaos,
                  | Str+4 Dex+3}
 37825 | Snake:3  | Reached skill level 15 in Axes
 37919 | Snake:3  | Noticed Nikola
 37930 | Snake:3  | Killed from afar by Nikola

Illustrated notes

Levels and vault maps discovered:
D:1:      wander_arrival_fairy_ring, layout_rooms, minmay_liquid_box,
          hangedman_decor_points
D:2:      layout_basic, minmay_crystal_room, uniq_jessica, uniq_terence
D:3:      layout_rooms, makhleb_blood_cavern_becter
D:4:      layout_basic, enter_ossuary_4, minivault_5
D:5:      layout_basic, lemuel_doored_altar
D:6:      layout_loops_cross, temple_green, serial_shops, shop,
          nicolae_shop_behind_doors, shop_statue, serial_bayou,
          serial_bayou_crossing, serial_bayou_pond_b, serial_bayou_pond_d,
          serial_bayou_ford_a, serial_bayou_lake_a, uniq_menkaure, uniq_grinder,
          uniq_duvessa
D:7:      layout_cave_pools, basic_altar, nicolae_tso_swordbearing_angel
D:8:      layout_gridville, nzn_hepliaklqana_mist_gate,
          nicolae_overflow_hidden_temple, gammafunk_temple_overflow_elements,
          david_lair_generic, grunt_tough_drop
D:9:      layout_roguey, orc_0_dummy, uniq_prince_ribbit1, uniq_gastronok
D:10:     layout_roguey, minmay_microvault
D:11:     lemuel_flame_loot_2, layout_rooms
D:12:     layout_long_grid
D:13:     cheibrodos_fzero, layout_gridville, grunt_ministairs_3,
          einodemon_crawler_minivault
D:14:     layout_rooms, erik_vaults_2, serial_ice, serial_ice_j, serial_ice_g,
          serial_ice_f, serial_ice_c, serial_ice_a, serial_ice_h,
          portal_ice_cave_demonic_guard, hex_medium
D:15:     grunt_enter_depths_hoard, layout_cave_pools, serial_shops,
          nicolae_shop_window_shopping, biasface_ghost_orc_armoury, serial_park,
          serial_park_tiny_pond, serial_park_square1
          [serial_park_minivault_5x5_3], serial_park_tiny_1, minivault_24,
          serial_bayou_pond_b
Lair:1:   dragon1_lemuel, layout_loops_ring, grunt_megastairs_2,
          serial_bayou_shore_b
Lair:2:   layout_chaotic_city, serial_bayou_shore_b, minmay_lair_oklob_chamber
Lair:3:   layout_cave_shapes, minmay_shoals_entry_beasts,
          minmay_snake_entry_guardpost_small, kb_xom_exploding_sheep
Lair:4:   layout_cave_pods
Lair:5:   layout_roguey, eino_house_with_fridge, serial_bayou_shore_b
Lair:6:   cheibrodos_lair_end_hotspot, layout_small_grid, slime_altar_1,
          lemuel_fruit_fields
Snake:1:  layout_grid_maze, uniq_agnes
Snake:2:  layout_onion, ebering_ghost_xom
Snake:3:  layout_layer_cave, special_room, uniq_nikola

Skill      XL: |  1  2  3  4  5  6  7  8  9 10 11 12 13 14 15 16 |
---------------+-------------------------------------------------+-----
Fighting       | 4 5 6 7 8 9 10 11 12 13 14 | 14.9
Axes           | 4 5 6 7 8 9 10 11 12 13 14 15 | 15.0
Armour         | 3 4 5 6 7 9 10 11 12 13 14 | 14.8
Dodging        | 3 4 5 6 7 8 9 10 11 12 13 | 13.7
Shields        | 1 2 3 5 6 8 9 10 11 13 14 | 14.5
Evocations     | 2 4 5 6 8 9 10 | 10.6

Action                   |  1- 3 |  4- 6 |  7- 9 | 10-12 | 13-15 | 16-18 || total
-------------------------+-------+-------+-------+-------+-------+-------++-------
Melee: Hand axe          |    52 |   137 |    29 |       |       |       ||   218
       Headbutt          |     6 |    28 |    89 |   142 |   348 |    57 ||   670
       War axe           |       |       |   415 |   342 |       |       ||   757
       Battleaxe         |       |       |       |   307 |   327 |       ||   634
       Dire flail        |       |       |       |    37 |     7 |       ||    44
       Broad axe         |       |       |       |       |   915 |   232 ||  1147
       Flail             |       |       |       |       |   208 |       ||   208
Invok: Berserk           |       |     2 |     1 |     4 |     2 |       ||     9
       Trog's Hand       |       |     3 |     6 |     6 |     9 |     1 ||    25
       Brothers in Arms  |       |       |       |       |     3 |       ||     3
Evoke: Wand              |       |       |       |       |     6 |       ||     6
  Use: Scroll            |       |       |     3 |    13 |    17 |       ||    33
       Potion            |       |       |       |       |     5 |     1 ||     6
 Stab: Petrified         |       |       |       |       |     3 |       ||     3
Armor: Animal skin       |     9 |       |       |       |       |       ||     9
       Ring mail         |    15 |    14 |       |       |    31 |       ||    60
       Chain mail        |       |    51 |    25 |       |       |       ||    76
       Plate armour      |       |       |   150 |   276 |   135 |       ||   561
       Scale mail        |       |       |       |   134 |   382 |    54 ||   570
Dodge: Dodged            |    27 |    48 |   104 |   289 |   794 |   116 ||  1378
Block: Kite shield       |       |    51 |   172 |   160 |  1174 |   248 ||  1805
       Other             |       |       |       |    67 |    84 |       ||   151
       Reflection        |       |       |       |     1 |    75 |    14 ||    90
